 Dungeon Crawl Stone Soup version 0.14-a0-2061-g6c6fb9c (webtiles) character file.

152 Jenx the Ruinous (level 3, 0/26 HPs)
             Began as a Draconian Conjurer on Jan 22, 2014.
             Slain by a kobold
             ... wielding a cursed +0 blowgun
              (3 damage)
             ... on Level 3 of the Dungeon.
             The game lasted 00:05:44 (2364 turns).

Jenx the Ruinous (Draconian Conjurer)               Turns: 2364, Time: 00:05:45

HP   0/26        AC  5     Str 10      XL: 3   Next: 55%
MP   1/6         EV 12     Int 16      God:
Gold 102         SH  0     Dex 11      Spells:  2 memorised,  2 levels left

rFire  . . .     SeeInvis .     a - +0 spear
rCold  . . .     Clarity  .     (armour unavailable)
rNeg   . . .     Conserve .     (no shield)
rPois  .         rCorr    .     (helmet restricted)
rElec  .         rRot     .     (no cloak)
SustAb . .       Spirit   .     (no gloves)
rMut   .         Warding  .     (no boots)
Saprov . . .     Stasis   .     (no amulet)
MR     .....                    (no ring)
                                f - ring of flight

@: mildly poisoned, not resistant to hostile enchantments, unstealthy
A: unfitting armour, AC +5
a: Evoke Flight


You were on level 3 of the Dungeon.
You were hungry.

You visited 1 branch of the dungeon, and saw 3 of its levels.

You collected 102 gold pieces.

Inventory:

Hand weapons
 a - a +0,+0 spear (weapon)
 h - a +2,+5 dwarven vampiric dagger
Missiles
 o - 10 exploding darts (quivered)
Comestibles
 b - 2 bread rations
 i - an apple
Scrolls
 e - 3 scrolls of identify {unknown}
 g - 2 scrolls of remove curse {unknown}
 j - a scroll of immolation {unknown}
 n - a scroll of curse jewellery {unknown}
Jewellery
 f - a ring of flight (left hand)
Potions
 d - a potion of heal wounds {unknown}
 k - 2 potions of porridge
 l - 2 potions of curing
 m - a potion of speed {unknown}
Books
 c - a book of Conjurations

   Spells                             Type                      Level
   *Magic Dart                        Conjuration                  1
   Searing Ray                        Conjuration                  2
   *Dazzling Spray                    Conjuration/Hexes            3
   Iskenderun's Mystic Blast          Conjuration                  4
   Iskenderun's Battlesphere          Conjuration/Charms           4
   Fulminant Prism                    Conjuration/Hexes            5


   Skills:
 - Level 1.7 Dodging
 - Level 1.7 Stealth
 - Level 2.0 Spellcasting
 * Level 5.3 Conjurations


You had 2 spell levels left.
You knew the following spells:

 Your Spells              Type           Power        Failure   Level  Hunger
a - Magic Dart            Conj           ###.         2%          1    #......
b - Dazzling Spray        Conj/Hex       ##......     21%         3    ####...


Dungeon Overview and Level Annotations

Branches:
Dungeon (3/16)

Altars:


Message History

The kobold hits you but does no damage. The giant gecko misses you.
The phantom blinks!
The kobold barely misses you.
You closely miss the kobold.
The kobold is heavily wounded.
* * * LOW HITPOINT WARNING * * *
You feel sick. The kobold completely misses you.
The giant gecko closely misses you.
The phantom blinks!
The kobold hits you with a blowgun.
* * * LOW HITPOINT WARNING * * *
The giant gecko bites you but does no damage.
Your magical contamination has completely faded away.
Casting: Magic Dart
Confirm with . or Enter, or press ? or * to list all spells.
Aiming: Magic Dart
Press: ? - help, Shift-Dir - straight line, f/p - kobold
Aim: a kobold, wielding a blowgun, wearing a dwarven ring mail and wearing an amulet of rage (heavily wounded, berserk)
The magic dart hits the kobold.
The kobold is heavily wounded.
The kobold hits you with a blowgun.
You die...

..####[## #......#
#.####.########.#...# .
#.##...##...# #.#####...
#.##...##...###.#.....>.#
#.##.....................
#.#############.#.....###
#.###### #.............
#>##...#####...####..<####
....)........(((@K..)..p..
...#...#####...#.l.##.....
...##### #####"..# . .
#.## #...# ### #####


You could see a phantom, a giant gecko and a kobold (berserk).

Vanquished Creatures
  2 adders (D:3)
  A giant gecko (D:1)
  An orc (D:3)
  A bat (D:2)
  6 goblins
  7 hobgoblins (D:1)
  2 jackals (D:1)
  2 kobolds (D:2)
  2 giant cockroaches (D:1)
  2 rats
26 creatures vanquished.

Notes
Turn   | Place    | Note
--------------------------------------------------------------
     0 | D:1      | Jenx, the Draconian Conjurer, began the quest for the Orb.
     0 | D:1      | Reached XP level 1. HP: 14/14 MP: 3/3
   571 | D:1      | Reached XP level 2. HP: 17/20 MP: 0/4
  1474 | D:2      | Reached skill level 5 in Conjurations
  1684 | D:2      | Reached XP level 3. HP: 26/26 MP: 4/6
  1698 | D:2      | Learned a level 3 spell: Dazzling Spray
  2285 | D:3      | Noticed a phantom
  2364 | D:3      | Slain by a kobold

Action                   || total
-------------------------++-------
Melee: Unarmed           ||    32
       Dagger            ||    25
       Spear             ||    18
Throw: Dart              ||     8
 Cast: Magic Dart        ||    66
  Use: Potion            ||     1
